 Dungeon Crawl Stone Soup version 0.21-a0-260-g9b2435e (webtiles) character file.

86667 oldgray the Bludgeoner (level 15, -20/126 HPs)
             Began as a Demonspawn Gladiator on Sept 7, 2017.
             Was the Champion of Okawaru.
             Demolished by a dire elephant (30 damage)
             ... on level 15 of the Dungeon.
             The game lasted 00:46:03 (21182 turns).

oldgray the Bludgeoner (Demonspawn Gladiator)      Turns: 21182, Time: 00:46:04

Health: -20/126    AC: 26    Str: 18    XL:     15   Next: 41%
Magic:  15/15      EV: 15    Int: 15    God:    Okawaru [******]
Gold:   2159       SH:  0    Dex: 21    Spells: 12/14 levels left

rFire    . . .     SeeInvis .   b - +7 great mace of Corporal Punishment {vamp, Dex+6}
rCold    + . .     Gourm    .   (shield currently unavailable)
rNeg     . . .     Faith    .   n - +3 chain mail {rC+}
rPois    .         Spirit   .   P - +2 hat {MR+}
rElec    .         Reflect  .   M - +1 cloak {+Inv}
rCorr    .         Harm     +   h - +0 pair of gloves of the Unbroken {MR+}
MR       ++++.                  O - +0 pair of boots
Stlth    ..........             F - amulet of harm
HPRegen  0.31/turn              l - +3 ring of strength
MPRegen  0.14/turn              v - ring of protection from magic

@: lethally poisoned (-20 -> -24), sanguine armour
A: talons 2, demonic guardian 2, powered by death 1, sanguine armour 2
a: Heroism, Finesse, Renounce Religion, Evoke Invisibility


You were on level 15 of the Dungeon.
You worshipped Okawaru.
Okawaru was exalted by your worship.
You were not hungry.

You visited 3 branches of the dungeon, and saw 23 of its levels.

You collected 2159 gold pieces.

Inventory:

Hand Weapons
 b - the +7 great mace of Corporal Punishment (weapon) {vamp, Dex+6}
   (Okawaru gifted it to you on level 12 of the Dungeon)

   It inflicts no extra harm, but heals its wielder when it wounds a living foe.
   It affects your dexterity (+6).
 i - the +1 great mace "Wizos" {flame, Dex+4}
   (Okawaru gifted it to you on level 1 of the Orcish Mines)

   It has been specially enchanted to burn those struck by it, causing extra
   injury to most foes and up to half again as much damage against particularly
   susceptible opponents.
   It affects your dexterity (+4).
Missiles
 d - 6 throwing nets (quivered)
Armour
 g - a +0 chain mail of magic resistance
 h - the +0 pair of gloves of the Unbroken (worn) {MR+}
   (Okawaru gifted it to you on level 2 of the Lair of Beasts)

   It affects your resistance to hostile enchantments.
 k - a +0 troll leather armour
 n - a +3 chain mail of cold resistance (worn)
 C - the +0 Maxwell's etheric cage {RegenMP+ *Contam rElec MP+4}
   (You acquired it on level 13 of the Dungeon)

   It insulates you from electricity.
   It affects your magic capacity (+4).
   It causes magical contamination when unequipped.
 M - a +1 cloak of invisibility (worn)
 O - a +0 pair of boots (worn)
 P - a +2 hat of magic resistance (worn)
Jewellery
 l - a +3 ring of strength (left hand)
 v - a ring of protection from magic (right hand)
 F - an amulet of harm (around neck)
 T - a +3 amulet of reflection
Wands
 r - a wand of random effects (11/48)
 y - a wand of disintegration (10/24)
Scrolls
 a - a scroll of identify
 c - a scroll of torment {unknown}
 m - 4 scrolls of enchant armour
 q - 9 scrolls of teleportation
 s - a scroll of amnesia {unknown}
 w - a scroll of blinking
 x - 3 scrolls of recharging
 B - 13 scrolls of remove curse
 D - 2 scrolls of magic mapping
 V - 3 scrolls of enchant weapon
 W - 2 scrolls of fog
 X - 3 scrolls of fear
Potions
 e - 9 potions of curing
 j - 2 potions of heal wounds
 o - 2 potions of magic
 t - a potion of invisibility
 z - 3 potions of brilliance
 E - 2 potions of cancellation
 G - 2 potions of resistance
 I - 3 potions of agility
 J - a potion of haste
 L - a potion of might
 N - a potion of degeneration {unknown}
 Q - 3 potions of berserk rage
 R - 4 potions of flight
Miscellaneous
 p - a phantom mirror
 u - a lightning rod (4/4)
Comestibles
 f - 10 bread rations
 A - 8 meat rations
 H - 16 royal jellies
 K - 8 fruits
 S - 5 chunks of flesh


   Skills:
 + Level 14.0 Fighting
   Level 1.0 Short Blades
 * Level 16.3 Maces & Flails
   Level 3.4 Polearms
 - Level 1.7 Throwing
 + Level 12.9 Dodging
 - Level 4.5 Translocations


You had 12 spell levels left.
You knew the following spells:

 Your Spells              Type           Power        Failure   Level  Hunger
a - Blink                 Tloc           N/A          69%         2    ###....


Dungeon Overview and Level Annotations

Branches:
Dungeon (15/15)            Temple (0/1) D:7            Lair (6/6) D:11
 Shoals (0/4) Lair:2        Snake (0/4) Lair:2        Slime (0/5) Lair:5
    Orc (2/2) D:10            Elf (0/3) Orc:2        Vaults (0/5) D:13
 Depths (0/5) D:15

Altars:
Cheibriados
Dithmenos
Elyvilon
Fedhas
Hepliaklqana
Makhleb
Okawaru
Wu Jian
Xom
Yredelemnul
The Shining One

Shops:
D:14 (   Orc:2 (%!(

Annotations:
D:10 TwoGrow's ghost, journeyman DrBe
Lair:4 exclusion: 2 oklob plants
Lair:5 exclusion: 2 oklob plants


Innate Abilities, Weirdness & Mutations

You have razor-sharp toenails.
A demonic guardian rushes to your aid.
You regenerate a little health from kills.
When seriously injured, your bleeding wounds create thick armour. (AC +9)


Message History

You feel sick. The dire elephant tramples you!!
* * * LOW HITPOINT WARNING * * *
You hold your ground!
The dire elephant trunk-slaps you!
* * * LOW HITPOINT WARNING * * *
Your smoke demon hits the dire elephant but does no damage. x2
Your smoke demon hits the dire elephant.
You hit the dire elephant.
The dire elephant is moderately wounded.
You feel sick.
The slime creature hits you but does no damage.
The dire elephant tramples you but does no damage.
The dire elephant trunk-slaps you but does no damage.
Your smoke demon hits the dire elephant but does no damage. x3
You thump the dire elephant!
The dire elephant is heavily wounded.
You feel sick.
Your smoke demon disappears in a puff of smoke!
The slime creature hits you but does no damage.
The dire elephant tramples you!!
You die...

8#......############.#
#.# ..(........# #.#
#.# .(...(..##<# #.#
#.# ........##.#
######.# #.#
8#.....########....#.#
#.# ####.###
#.≈...≈....# #.# ##.#
...#...##.######.#
#..# ##.###.##.....#
###.##### #.@#
#.##.##### ........#
#YJ# #.##.# ###.#####
#....J§# ..##.# #.#
#>####.## ####.# #.#
#.. #.# #.# #.. #.#
#.# ##### #.# #.# #.#
#.# #.# #.# #.#


You could see a dire elephant and 2 slime creatures.

Vanquished Creatures
  An orc warlord (Orc:1)
  The ghost of dolemite99 the Blocker, a journeyman TrIE of Hepliaklqana (Lair:6)
  A dire elephant (Lair:6)
  A fire dragon (Lair:6)
  Erolcha (D:10)
  A hydra (D:15)
  Erica (D:8)
  7 centaur warriors
  5 two-headed ogres
  A dancing weapon (D:13)
  The ghost of anubisbafoobis the Fighter, a novice DsFi of Makhleb (D:9)
  3 tengu warriors
  3 death yaks (Lair:2)
  An ogre mage (D:15)
  An orc high priest (Orc:2)
  2 skeletal warriors (D:13)
  3 unseen horrors
  The ghost of zxpr0jk the Frost Mage, a novice DrIE of Cheibriados (D:8)
  A swamp dragon (Lair:6)
  Pikel (D:6)
  A wolf spider zombie (D:13)
  A wolf spider (D:15)
  A harpy (D:15)
  3 orc sorcerers
  6 elephants (Lair:4)
  A salamander (shapeshifter) (D:15)
  4 cyclopes
  6 manticores
  8 ugly things
  4 black mambas
  Joseph (D:8)
  Psyche (D:8)
  9 spiny frogs
  2 centaur skeletons
  A gargoyle (D:12)
  4 torpor snails
  10 komodo dragons
  3 rime drakes (Lair:6)
  A tengu conjurer (D:14)
  6 trolls
  Grinder (D:4)
  A polar bear (Lair:4)
  2 hornets
  8 slime creatures
  7 blink frogs
  4 hippogriffs
  A centaur simulacrum (D:14)
  5 redbacks (D:14)
  2 shadows
  A wraith (D:13)
  32 yaks
  2 wyverns
  Grum (D:9)
  9 basilisks
  A hungry ghost (D:12)
  4 vampire mosquitoes (D:10)
  A steam dragon (D:10)
  Menkaure (D:4)
  4 wargs
  A soldier ant (D:12)
  Duvessa (D:6)
  An acid dragon (Lair:6)
  10 water moccasins
  A sky beast (D:11)
  2 porcupines
  A black bear (Lair:2)
  27 orc warriors
  4 swamp drakes (Lair:6)
  11 ice beasts
  A slave (D:6)
  16 ogres
  5 necrophages (D:10)
  A phantom (D:10)
  4 boggarts (D:15)
  23 wolves
  24 centaurs
  11 crocodiles
  Blork the orc (D:6)
  20 bullfrogs
  A gnoll sergeant (D:13)
  Dowan (D:6)
  A water moccasin skeleton (D:9)
  7 killer bees
  4 wights (D:10)
  3 howler monkeys
  6 crimson imps
  5 centaur zombies
  2 bullfrog zombies
  20 orc priests
  7 hounds
  9 jellies
  27 orc wizards
  10 iguanas
  Natasha (twice) (D:3)
  4 worker ants
  A hound skeleton (D:10)
  2 mummies (D:10)
  Robin (D:3)
  A worker ant zombie (D:10)
  19 gnolls
  12 adders
  4 shadow imps
  5 oozes (D:8)
  2 adder zombies
  2 worms
  3 dart slugs
  5 leopard geckos
  102 orcs
  A ball python (D:5)
  4 giant cockroaches
  14 hobgoblins
  11 jackals
  4 kobolds
  3 quokkas
  4 bats
  4 frilled lizards
  A giant cockroach zombie (D:5)
  19 goblins
  A jackal zombie (D:8)
  5 rats
  A plant (Lair:6)
702 creatures vanquished.

Vanquished Creatures (collateral kills)
  Harold (Lair:3)
  2 hydras
  2 centaur warriors
  A catoblepas (Lair:6)
  A dancing weapon (D:13)
  2 skeletal warriors (D:13)
  An orc knight (Orc:2)
  2 lindwurms (Lair:6)
  2 ugly things (D:14)
  A deep elf mage (D:13)
  2 orc sorcerers (Orc:2)
  A black mamba (Lair:6)
  A spiny frog (Lair:6)
  A centaur zombie (D:10)
  A torpor snail (Lair:3)
  A rime drake (Lair:6)
  A troll (Orc:1)
  2 polar bears (Lair:4)
  A hornet (D:13)
  8 blink frogs
  2 yaks
  A water moccasin (Lair:6)
  3 orc warriors (Orc:1)
  A porcupine (Lair:4)
  A black bear (D:12)
  A sky beast (D:12)
  A slave (D:6)
  An ogre (D:4)
  An eye of draining (D:14)
  A boggart (D:15)
  2 centaurs
  8 wolves
  A crocodile (Lair:3)
  A bullfrog (D:4)
  A scorpion (D:8)
  3 orc priests
  2 orc wizards
  A leopard gecko (D:4)
  10 orcs
  A goblin (D:3)
  A hobgoblin (D:3)
  A quokka (D:8)
  2 plants
81 creatures vanquished.

Vanquished Creatures (others)
  An orc wizard (Orc:2)
  An iguana (Lair:6)
  5 fungi
  8 plants
15 creatures vanquished.

Grand Total: 798 creatures vanquished

Notes
Turn   | Place    | Note
-------+----------+-------------------------------------------
     0 | D:1      | oldgray the Demonspawn Gladiator began the quest for the Orb.
     0 | D:1      | Reached XP level 1. HP: 16/16 MP: 1/1
   327 | D:1      | Gained mutation: When seriously injured, your bleeding wounds create armour. (AC +9) [demonic ancestry]
   327 | D:1      | Reached XP level 2. HP: 21/22 MP: 2/2
   744 | D:2      | Found a glowing golden altar of the Shining One.
   754 | D:2      | Found a basalt altar of Yredelemnul.
   792 | D:2      | Gained mutation: A weak demonic guardian rushes to your aid. [demonic ancestry]
   792 | D:2      | Reached XP level 3. HP: 27/28 MP: 3/3
   820 | D:2      | Found an iron altar of Okawaru.
  1398 | D:2      | Noticed an angel
  1491 | D:3      | Noticed Robin
  1493 | D:3      | Reached XP level 4. HP: 33/34 MP: 4/4
  1517 | D:2      | Reached skill level 1 in Maces & Flails
  1548 | D:3      | Killed Robin
  1759 | D:3      | Found an ornate altar of the Wu Jian Council.
  1881 | D:3      | Reached skill level 2 in Maces & Flails
  1881 | D:3      | Gained mutation: You regenerate a little health from kills. [demonic ancestry]
  1881 | D:3      | Reached XP level 5. HP: 21/41 MP: 5/5
  1906 | D:3      | Found a blossoming altar of Fedhas.
  2048 | D:3      | Found a burning altar of Makhleb.
  2150 | D:3      | Noticed Natasha
  2163 | D:3      | Killed Natasha
  2290 | D:3      | Noticed Natasha
  2299 | D:3      | Killed Natasha
  2378 | D:2      | Became a worshipper of Warmaster Okawaru
  2419 | D:4      | Noticed Grinder
  2478 | D:4      | Reached skill level 3 in Maces & Flails
  2478 | D:4      | Reached XP level 6. HP: 28/47 MP: 6/6
  2542 | D:4      | Killed Grinder
  2542 | D:4      | Reached * piety under Okawaru
  2595 | D:4      | Reached skill level 4 in Maces & Flails
  2595 | D:4      | Gained mutation: You have sharp toenails. [demonic ancestry]
  2595 | D:4      | Reached XP level 7. HP: 52/54 MP: 7/7
  2681 | D:4      | Noticed Menkaure
  2685 | D:4      | Killed Menkaure
  2702 | D:4      | Reached skill level 5 in Maces & Flails
  2798 | D:4      | Reached ** piety under Okawaru
  2878 | D:4      | Reached skill level 5 in Fighting
  2878 | D:4      | Reached skill level 5 in Dodging
  2878 | D:4      | Gained mutation: When seriously injured, your bleeding wounds create thick armour. (AC +9) [demonic ancestry]
  2878 | D:4      | Reached XP level 8. HP: 54/62 MP: 8/8
  3197 | D:5      | Entered Level 5 of the Dungeon
  3397 | D:5      | Reached skill level 6 in Maces & Flails
  3546 | D:5      | Found a hazy altar of Hepliaklqana.
  4178 | D:6      | Noticed Duvessa
  4179 | D:6      | Noticed Dowan
  4188 | D:6      | Killed Duvessa
  4201 | D:6      | Killed Dowan
  4348 | D:6      | Noticed Blork the orc
  4355 | D:6      | Killed Blork the orc
  4862 | D:6      | Noticed Pikel
  4891 | D:6      | Killed Pikel
  4891 | D:6      | Reached skill level 7 in Maces & Flails
  4891 | D:6      | Reached XP level 9. HP: 47/69 MP: 9/9
  5462 | D:7      | Found a white marble altar of Elyvilon.
  5534 | D:7      | Reached *** piety under Okawaru
  5787 | D:7      | Reached skill level 8 in Maces & Flails
  5840 | D:7      | Found a staircase to the Ecumenical Temple.
  6139 | D:7      | Found a shadowy altar of Dithmenos.
  6139 | D:7      | Found a white marble altar of Elyvilon.
  6326 | D:8      | Noticed zxpr0jk's ghost (novice DrIE)
  6706 | D:9      | Noticed Grum
  6739 | D:9      | Killed Grum
  6746 | D:9      | Reached skill level 9 in Maces & Flails
  6817 | D:9      | Reached **** piety under Okawaru
  6890 | D:9      | Noticed anubisbafoobis's ghost (novice DsFi)
  6931 | D:8      | Reached XP level 10. HP: 79/79 MP: 10/10
  7037 | D:8      | Noticed Psyche
  7046 | D:8      | Killed Psyche
  7229 | D:8      | Noticed Erica
  7457 | D:9      | Killed anubisbafoobis's ghost
  7665 | D:10     | Entered Level 10 of the Dungeon
  7669 | D:10     | Noticed TwoGrow's ghost (journeyman DrBe)
  7820 | D:8      | Killed Erica
  7820 | D:8      | Reached skill level 10 in Maces & Flails
  7931 | D:10     | Found a staircase to the Orcish Mines.
  8010 | D:10     | Noticed Erolcha
  8039 | D:10     | Noticed a two-headed ogre
  8094 | D:10     | Killed a two-headed ogre
  8181 | D:10     | Reached ***** piety under Okawaru
  8199 | D:10     | Gained mutation: You have razor-sharp toenails. [demonic ancestry]
  8199 | D:10     | Reached XP level 11. HP: 69/87 MP: 11/11
  8208 | D:10     | Received a gift from Okawaru
  8303 | D:10     | Killed Erolcha
  8303 | D:10     | Reached skill level 11 in Maces & Flails
  8421 | D:10     | Got an ichor-stained whip {venom}
  8422 | D:10     | Identified the cursed +1 whip of Zuhoam {venom, *Noise rPois Int+5 Stlth+} (You took it off an orc on level 10 of the Dungeon)
  8487 | D:10     | Received a gift from Okawaru
  8894 | D:8      | Killed zxpr0jk's ghost
  8932 | D:8      | Noticed Joseph
  8940 | D:8      | Killed Joseph
  9415 | D:11     | Found a frozen archway.
  9432 | D:11     | Reached skill level 12 in Maces & Flails
  9441 | D:11     | Reached skill level 10 in Fighting
  9491 | D:11     | Noticed a centaur warrior
  9512 | D:11     | Killed a centaur warrior
  9621 | D:11     | Learned a level 2 spell: Blink
  9676 | D:11     | Noticed a brown ugly thing
  9694 | D:11     | Killed a brown ugly thing
  9694 | D:11     | Reached skill level 1 in Translocations
  9842 | D:11     | Found a staircase to the Lair.
  9873 | D:11     | Noticed a centaur warrior
  9891 | D:11     | Killed a centaur warrior
  9891 | D:11     | Gained mutation: A demonic guardian rushes to your aid. [demonic ancestry]
  9891 | D:11     | Reached XP level 12. HP: 73/97 MP: 12/12
 10063 | D:11     | Identified a scroll of acquirement
 10066 | D:11     | Got a steaming quick blade
 10067 | D:11     | Identified the +5 quick blade of the Hills {pierce, +Blink rElec rF+ Int-2} (You acquired it on level 11 of the Dungeon)
 10218 | D:11     | Reached skill level 1 in Short Blades
 10482 | D:12     | Reached ****** piety under Okawaru
 10631 | D:12     | Noticed a two-headed ogre
 10638 | D:12     | Killed a two-headed ogre
 10638 | D:12     | Received a gift from Okawaru
 10638 | D:12     | Reached skill level 10 in Dodging
 11191 | D:12     | Received a gift from Okawaru
 11206 | D:12     | Got an encrusted great mace {god gift}
 11208 | D:12     | Identified the +7 great mace of Corporal Punishment {vamp, Dex+6} (Okawaru gifted it to you on level 12 of the Dungeon)
 11287 | D:12     | Noticed a centaur warrior
 11313 | D:12     | Killed a centaur warrior
 11796 | Lair:1   | Entered Level 1 of the Lair of Beasts
 12198 | Lair:1   | Reached XP level 13. HP: 91/106 MP: 13/13
 12571 | Lair:2   | Found a staircase to the Snake Pit.
 12666 | Lair:2   | Received a gift from Okawaru
 12679 | Lair:2   | Got a pair of polished gloves {god gift}
 12690 | Lair:2   | Identified the +0 pair of gloves of the Unbroken {MR+} (Okawaru gifted it to you on level 2 of the Lair of Beasts)
 12759 | Lair:2   | Reached skill level 13 in Maces & Flails
 12791 | Lair:2   | Found a staircase to the Shoals.
 13281 | Lair:3   | Noticed Harold
 13286 | Lair:3   | Killed Harold
 13352 | Lair:3   | Identified the Compendium of the Rocks
 13381 | Lair:3   | Found a snail-covered altar of Cheibriados.
 14004 | Lair:4   | Received a gift from Okawaru
 14484 | Lair:4   | Reached skill level 14 in Maces & Flails
 15017 | Lair:5   | Found a staircase to the Slime Pits.
 15288 | Lair:6   | Entered Level 6 of the Lair of Beasts
 15341 | Lair:6   | Noticed dolemite99's ghost (journeyman TrIE)
 15357 | Lair:6   | Killed dolemite99's ghost
 15467 | Lair:6   | Reached XP level 14. HP: 111/116 MP: 14/14
 15523 | Lair:6   | Received a gift from Okawaru
 15572 | Lair:6   | Found the +6 shillelagh "Devastator" {shatter}
 16543 | Orc:1    | Entered Level 1 of the Orcish Mines
 16598 | Orc:2    | Entered Level 2 of the Orcish Mines
 16928 | Orc:2    | Found a staircase to the Elven Halls.
 16964 | Orc:1    | Found a shimmering altar of Xom.
 16999 | Orc:1    | Reached skill level 15 in Maces & Flails
 17262 | Orc:1    | Noticed an orc warlord
 17273 | Orc:1    | Killed an orc warlord
 17291 | Orc:1    | Received a gift from Okawaru
 17313 | Orc:1    | Got a jewelled great mace {god gift}
 17314 | Orc:1    | Identified the +1 great mace "Wizos" {flame, Dex+4} (Okawaru gifted it to you on level 1 of the Orcish Mines)
 17787 | Orc:2    | Found Byturh Bijin's Weapon Shop.
 17789 | Orc:2    | Found Xadumosk's Food Shop.
 17796 | Orc:2    | Found Lymiarph's Distillery.
 17796 | Orc:2    | Found Kimang's Weapon Boutique.
 18411 | D:13     | Found a gate to the Vaults.
 18870 | D:13     | Received a gift from Okawaru
 18964 | D:13     | Found the +0 Maxwell's etheric cage {RegenMP+ *Contam rElec MP+4}
 18975 | D:13     | Found the +18 shield of the Gong {rElec rN+ MR+ EV-5}
 19778 | D:14     | Reached XP level 15. HP: 110/125 MP: 7/15
 19880 | D:14     | Found a glowing golden altar of the Shining One.
 19887 | D:14     | Found Pugufeil's Antique Weapon Shop.
 20130 | D:15     | Entered Level 15 of the Dungeon
 20165 | D:15     | Reached skill level 16 in Maces & Flails
 20294 | D:15     | Received a gift from Okawaru
 21169 | D:15     | Found a staircase to the Depths.
 21182 | D:15     | Demolished by a dire elephant

Vault maps used:
D:1:      nicolae_arrival_somewhat_less_tricky_arrival
D:2:      grunt_temple_overflow_holy_war, okawaru_trees_2, minmay_goblin_outpost
D:3:      marbit_many_paths, lemuel_round_altar, makhleb_grotto_becter,
          serial_bayou_lagoon_b, uniq_natasha, uniq_robin
D:4:      kennysheep_generic_room_2, uniq_menkaure, uniq_grinder
D:5:      kennysheep_little_box, first_bread
D:6:      serial_glass, glass_columns_b, glass_columns_a, glass_columns_a,
          glass_columns_a, glass_columns_a, uniq_blork_the_orc, uniq_pikel,
          uniq_duvessa
D:7:      gammafunk_temple_overflow_wave, minmay_temple_entry_glassed_door,
          basic_altar
D:8:      special_room, hangedman_little_slice_of_home, uniq_joseph, uniq_erica,
          uniq_psyche
D:9:      uniq_grum
D:10:     orc_0_dummy, serial_undead, serial_undead_d, serial_undead_d,
          serial_undead_f, serial_undead_c, serial_undead_b, uniq_erolcha
D:11:     lair_entry_dummy, portal_ice_cave_entry_ice_beasts
D:13:     erik_vaults_1
D:14:     serial_shops, nicolae_shop_window_shopping, tso_metal_star
D:15:     hangedman_depths_entry_try_elsewhere_first, corexii_hall_statues_x
Lair:1:   beast_lair_carwin_large_1
Lair:2:   minmay_shoals_entry_beasts, dummy_snake_entry,
          infiniplex_staircase_pool_2
Lair:3:   kennysheep_snail_temple, uniq_harold
Lair:4:   cheibrodos_lair_lostbears, infiniplex_staircase_pool,
          minmay_lair_oklob_chamber, grunt_megastairs_2, serial_bayou_shore_a
Lair:5:   minmay_slime_entry_oklob_enclosed
Lair:6:   hangedman_lair_in_review, guppyfry_lair_end_dragon
Orc:1:    nicolae_orc_accident_3, basic_altar
Orc:2:    st_orc_mages

Skill      XL: |  1  2  3  4  5  6  7  8  9 10 11 12 13 14 15 |
---------------+----------------------------------------------+-----
Polearms       | 3 |  3.4
Dodging        | 3 4 5 6 7 8 9 10 11 12 | 12.9
Maces & Flails | 2 3 4 5 7 9 10 12 14 15 16 | 16.3
Fighting       | 3 4 5 6 7 8 10 11 12 13 14 | 14.0
Translocations | 1 4 |  4.5
Short Blades   | 1 |  1.0
Throwing       | |  1.7

Action                   |  1- 3 |  4- 6 |  7- 9 | 10-12 | 13-15 || total
-------------------------+-------+-------+-------+-------+-------++-------
Melee: Trident           |   124 |       |       |       |       ||   124
       Whip              |    20 |   174 |   359 |   765 |       ||  1318
       Kick              |       |       |   113 |   348 |   303 ||   764
       Punch             |       |       |       |     1 |       ||     1
       Great mace        |       |       |       |   100 |  1019 ||  1119
       Quick blade       |       |       |       |    44 |       ||    44
 Fire: Hunting sling     |     3 |     4 |       |       |       ||     7
Invok: Heroism           |       |       |       |     2 |     5 ||     7
  Use: Scroll            |     3 |       |     8 |    14 |    12 ||    37
       Potion            |       |       |       |     4 |     6 ||    10
 Stab: Sleeping          |     3 |       |     3 |     5 |     3 ||    14
       Distracted        |       |       |     1 |     2 |     8 ||    11
       Invisible         |       |       |       |       |     7 ||     7
       Confused          |       |       |       |       |     2 ||     2
       Petrifying        |       |       |       |       |     1 ||     1
       Petrified         |       |       |       |       |     1 ||     1
  Eat: Chunk             |     2 |     4 |    14 |    19 |    28 ||    67
       Bread ration      |       |       |       |     1 |       ||     1
       Fruit             |       |       |       |       |     2 ||     2
Armor: Leather armour    |     4 |       |       |       |       ||     4
       Troll leather arm |    22 |    60 |    64 |   153 |   162 ||   461
       Chain mail        |       |       |       |       |   167 ||   167
Dodge: Dodged            |    82 |   114 |   217 |   487 |  1055 ||  1955
Block: Other             |       |       |       |       |    70 ||    70

Table legend:
 A = Spawn XP
 B = Non-spawn XP
 C = Spawn XP percentage of total XP
 D = Spawn monster count
 E = Non-spawn monster count
 F = Spawn count percentage of total count
 G = Total turns spent on level
                    A         B        C        D         E        F      G
               +---------+---------+-------+---------+---------+-------+---------
         Total |       0 |  123811 |   0.0 |       0 |     778 |   0.0 | 21182
               +---------+---------+-------+---------+---------+-------+---------
           D:1 |       0 |      31 |   0.0 |       0 |      18 |   0.0 |   724
           D:2 |       0 |      69 |   0.0 |       0 |      22 |   0.0 |   760
           D:3 |       0 |     228 |   0.0 |       0 |      36 |   0.0 |   975
           D:4 |       0 |    1210 |   0.0 |       0 |      39 |   0.0 |   738
           D:5 |       0 |     469 |   0.0 |       0 |      22 |   0.0 |   949
           D:6 |       0 |    1211 |   0.0 |       0 |      23 |   0.0 |  1282
           D:7 |       0 |     960 |   0.0 |       0 |      15 |   0.0 |   932
           D:8 |       0 |    3966 |   0.0 |       0 |      50 |   0.0 |  1012
           D:9 |       0 |    2788 |   0.0 |       0 |      24 |   0.0 |  1069
          D:10 |       0 |    7064 |   0.0 |       0 |      54 |   0.0 |  1033
          D:11 |       0 |    6153 |   0.0 |       0 |      43 |   0.0 |  1252
          D:12 |       0 |    9349 |   0.0 |       0 |      41 |   0.0 |  1364
          D:13 |       0 |    8344 |   0.0 |       0 |      28 |   0.0 |   808
          D:14 |       0 |   11253 |   0.0 |       0 |      38 |   0.0 |  1016
          D:15 |       0 |   16493 |   0.0 |       0 |      42 |   0.0 |   805
        Lair:1 |       0 |    4364 |   0.0 |       0 |      25 |   0.0 |   826
        Lair:2 |       0 |    5764 |   0.0 |       0 |      17 |   0.0 |   750
        Lair:3 |       0 |    4133 |   0.0 |       0 |      18 |   0.0 |   472
        Lair:4 |       0 |    8488 |   0.0 |       0 |      37 |   0.0 |   834
        Lair:5 |       0 |    3869 |   0.0 |       0 |      23 |   0.0 |   724
        Lair:6 |       0 |   15991 |   0.0 |       0 |      51 |   0.0 |  1030
         Orc:1 |       0 |    5081 |   0.0 |       0 |      43 |   0.0 |   887
         Orc:2 |       0 |    6533 |   0.0 |       0 |      69 |   0.0 |   940
               +---------+---------+-------+---------+---------+-------+---------
